 Dungeon Crawl Stone Soup version 0.28-a0-247-gb8bfbab023 (webtiles) character file.

Game seed: 3991688965368296343

127 bande the Covered (level 5, -7/33 HPs)
             Began as a Gargoyle Fighter on Aug 26, 2021.
             Killed by divine providence
             ... invoked by an orc priest
              (15 damage)
             ... on level 3 of the Dungeon.
             The game lasted 00:03:58 (2851 turns).

bande the Covered (Gargoyle Fighter)                Turns: 2851, Time: 00:03:58

Health: -7/33      AC: 11    Str: 19    XL:     5   Next: 11%
Magic:  5/5        EV:  7    Int:  9    God:
Gold:   129        SH:  8    Dex: 10    Spells: 4/4 levels left

rFire   . . .      SeeInvis .   a - +1 war axe
rCold   . . .      Faith    .   c - +0 kite shield
rNeg    + . .      Spirit   .   b - +0 scale mail
rPois   ∞          Reflect  .   f - +0 hat
rElec   +          Harm     .   (no cloak)
rCorr   .          Rampage  .   (no gloves)
Will    .....                   (no boots)
Stlth   ..........              (no amulet)
HPRegen 0.11/turn               (no ring)
MPRegen 0.09/turn               (no ring)

@: mighty
A: sickness immunity, AC +4, negative energy resistance 1, electricity
resistance, torment resistance 1, petrification resistance
a: no special abilities


You were on level 3 of the Dungeon.
You visited 1 branch of the dungeon, and saw 3 of its levels.

You collected 129 gold pieces.

Inventory:

Hand Weapons
 a - a +1 war axe (weapon)
Armour
 b - a +0 scale mail (worn)
 c - a +0 kite shield (worn)
 f - a +0 hat (worn)
Potions
 e - a potion of haste


   Skills:
 + Level 3.6 Fighting
 + Level 3.7 Axes
 + Level 3.9 Armour
 + Level 0.2 Dodging
 + Level 3.8 Shields


You had 4 spell levels left.
You didn't know any spells.
Your spell library was empty.

Dungeon Overview and Level Annotations

Branches:
Dungeon (3/15)

Altars:
Beogh

Shops:
D:1 *:


Innate Abilities, Weirdness & Mutations

You are immune to sickness and miasma.
Your stone body is resilient. (AC +4)
You are immune to poison.
You resist negative energy. (rN+)
You are resistant to electric shocks. (rElec)
You are resistant to unholy torment.
You are immune to petrification.


Message History

You bump into the rock wall.
You hear some strange, mumbled words.
A magic dart appears from out of thin air!
The magic dart hits you but does no damage.
Something hits you but does no damage.
The orc priest invokes the aid of Beogh against you.
Beogh smites you!
You miss something. x2
You hear some strange, mumbled words.
Something tries to affect you, but you resist.
Something hits you but does no damage. Something hits you.
Something hits you but does no damage.
You miss something. You completely miss something.
The orc priest mumbles some strange prayers to Beogh against you.
Something writhes in agony!
Reactivating autopickup.
You feel a bit more experienced. Something hits you but does no damage.
Deactivating autopickup; reactivate with Ctrl-A.
The orc priest looks encouraged for a moment.
Something hits you but does no damage.
You have reached level 5!
You slash the orc!
You kill the orc!
You completely miss something. Something hits you but does no damage.
Unknown command.
You closely miss the orc priest. You miss something.
You feel less confused. You block the orc priest's attack.
Something hits you but does no damage. The orc priest barely misses you.
Something hits you but does no damage.
Unknown command.
You closely miss something. You closely miss the orc priest.
The orc priest hits you with a +0 flail.
You block something's attack.
The orc priest hits you with a +0 flail.
* * * LOW HITPOINT WARNING * * *
You miss something. You slash the orc priest!
Something hits you but does no damage.
The orc priest mumbles some strange prayers to Beogh against you.
Beogh smites you!
You die...

...#.###.#.........#
...'...............#
...#.###...........#
...#.###...........#
####..##..######'###
##.....# #.#
#.....#### #.#
#....##$.o##.#
#..#.#$8.8.#@#
..###.#.#_..o.o{#
........#.8$8.#.#
#####...##$.$##.#
######..##### #.#
.......># #.#
##..####......... #.
......... #
.........


You could see 2 orc priests.

Vanquished Creatures
  Jessica (D:2)
  2 adders
  2 worms (D:2)
  2 dart slugs (D:2)
  An orc (D:3)
  8 ball pythons
  3 endoplasms
  4 giant cockroaches
  3 goblins
  8 hobgoblins
  3 jackals (D:1)
  2 quokkas
  2 bats (D:1)
  4 frilled lizards
  5 kobolds
  7 rats
57 creatures vanquished.

Vanquished Creatures (collateral kills)
  A rat (D:2)
1 creature vanquished.

Vanquished Creatures (others)
  An orc wizard (D:3)
1 creature vanquished.

Grand Total: 59 creatures vanquished

Notes
Turn   | Place    | Note
-------+----------+-------------------------------------------
     0 | D:1      | bande the Gargoyle Fighter began the quest for the Orb.
     0 | D:1      | Reached XP level 1. HP: 14/14 MP: 1/1
   271 | D:1      | Reached XP level 2. HP: 18/19 MP: 2/2
   435 | D:1      | Found Ysyt's Book Emporium.
  1008 | D:1      | Found Kanapip's General Store.
  1038 | D:1      | Reached XP level 3. HP: 21/23 MP: 3/3
  1461 | D:2      | Noticed Jessica
  1468 | D:2      | Killed Jessica
  1760 | D:2      | Reached XP level 4. HP: 28/28 MP: 4/4
  2848 | D:3      | Reached XP level 5. HP: 17/33 MP: 5/5
  2851 | D:3      | Killed from afar by an orc priest

Illustrated notes

Levels and vault maps discovered:
D:1:      wheals_arrival_linesprint, layout_loops_corners, serial_shops,
          nicolae_lakefront_shop, shop, minmay_cupped
D:2:      minmay_recursive_quarters, layout_basic, serial_co_window_serial,
          co_window_corner_a, co_window_paths_b, co_window_of_opportunity_a,
          co_window_of_opportunity_a, co_window_paths_a, co_window_paths_a,
          co_window_paths_a, co_window_cross_4, co_window_cross_4,
          co_window_corner_cb, co_window_4corner_a, glass_columns_c,
          glass_columns_a, minmay_misc_feat_plants, uniq_jessica
D:3:      layout_basic, jmf_multi_god_temple, kennysheep_orc_chapel

Skill      XL: |  1  2  3 |
---------------+----------+-----
Axes           | 2 3 |  3.7
Fighting       | |  3.6
Armour         | |  3.9
Dodging        | |  0.2
Shields        | |  3.8

Action                   |  1- 3 |  4- 6 || total
-------------------------+-------+-------++-------
Melee: War axe           |   117 |    54 ||   171
  Use: Scroll            |     4 |     1 ||     5
       Potion            |       |     1 ||     1
Armor: Scale mail        |    73 |    29 ||   102
Dodge: Dodged            |    55 |    23 ||    78
Block: Kite shield       |    54 |    28 ||    82

Table legend: (Time is in decaauts)
 A = Elapsed time spent in this place.
 B = Non-inter-level travel time spent in this place.
 C = Inter-level travel time spent in this place.
 D = Time resting spent in this place.
 E = Time spent auto-exploring this place.
 F = Levels seen in this place.
 G = Mean time per level.
                   A        B        C        D        E       F      G
               +--------+--------+--------+--------+--------+-----+--------+
         Total |   2951 |   2951 |      0 |    253 |   2119 |   3 |  983.7 |
       Dungeon |   2951 |   2951 |      0 |    253 |   2119 |   3 |  983.7 |
               +--------+--------+--------+--------+--------+-----+--------+

Top non-repeatable levels by time:
     D:1: 1517 daAuts
     D:2: 1341 daAuts
     D:3: 92 daAuts
